Reno Silver Aces vs Rock Island Raccoons
Created - Wednesday, April 23, 2025 at 07:35
Goals
|
| Reno Silver Aces |
0 |
1 |
0 |
0 |
1 |
2 |
| Rock Island Raccoons |
0 |
1 |
0 |
0 |
0 |
1 |
|
Shots
|
| Reno Silver Aces |
5 |
19 |
8 |
4 |
3 |
36 |
| Rock Island Raccoons |
6 |
13 |
8 |
1 |
3 |
28 |
|
1st period
No Goal
Penalties :
Karl Henriksson (RIR) for Fighting (Major) at 1:08, Kieffer Bellows (RSA) for Fighting (Major) at 1:08, Justin Schultz (RIR) for Fighting (Major) at 1:11, William Villeneuve (RSA) for Fighting (Major) at 1:11, Kyle Burroughs (RIR) for Tripping (Minor) at 14:54, Jujhar Khaira (RIR) for Fighting (Major) at 17:29, Brendan Lemieux (RSA) for Fighting (Major) at 17:29, Eric Robinson (RIR) for Fighting (Major) at 18:43, Nicolas Deslauriers (RSA) for Fighting (Major) at 18:43
2nd period
1. Rock Island Raccoons , Ryan Carpenter 37 (Erik Gustafsson 36, Phillip Di Giuseppe 25) at 0:52 (PP)
2. Reno Silver Aces , Patrick Brown 23 (Mathieu Olivier 32) at 17:33
Penalties :
Trevor Lewis (RSA) for Interference (Minor) at 0:17, Filip Chytil (RIR) for Fighting (Major) at 1:05, Cole Koepke (RSA) for Fighting (Major) at 1:05, Filip Chytil (RIR) for instigated a fight (Minor) at 1:05, Filip Chytil (RIR) for instigated a fight (10 Minutes Misconduct) at 1:05, Nicolas Deslauriers (RSA) for Interference (Minor) at 5:18, AJ Greer (RIR) for Fighting (Major) at 7:58, Zachary L'Heureux (RSA) for Fighting (Major) at 7:58, Jujhar Khaira (RIR) for Fighting (Major) at 9:16, Cole Koepke (RSA) for Fighting (Major) at 9:16, AJ Greer (RIR) for Fighting (Major) at 17:50, Jeremie Poirier (RSA) for Fighting (Major) at 17:50
3rd period
No Goal
Penalties :
Erik Gustafsson (RIR) for Delaying the game (Minor) at 6:57
Overtime #1
No Goal
Penalties :
No Penalty
Shootout
Reno Silver Aces, Curtis Lazar - Shot Misses the Net
Rock Island Raccoons, Craig Smith - Shot Misses the Net
Reno Silver Aces, Trevor Lewis - Shot Misses the Net
Rock Island Raccoons, Tyler Motte - Stopped by Philipp Grubauer
Reno Silver Aces, Vinnie Hinostroza - Goal!
Rock Island Raccoons, Jujhar Khaira - Stopped by Philipp Grubauer
Penalties :
No Penalty
Goalie Stats
Philipp Grubauer (RSA), 27 saves from 28 shots - (0.964), W, 26-7-0, 65:00 minutes
Alex Lyon (RIR), 35 saves from 36 shots - (0.972), OTL, 33-14-3, 65:00 minutes
Players Stats for Reno Silver Aces
Player Name G A P +/- PIM S H SB GA TA FO MP PP MP PK MP
------------------------------------------------------------------------------------
0 0 0 0 0 0 0 0 0 0 0/0 0:00 0:00 0:00
Brendan Lemieux 0 0 0 0 5 1 0 0 0 1 0/1 12:38 0:00 0:42
Casey Fitzgerald 0 0 0 0 0 1 0 1 0 0 0/0 13:21 0:00 0:00
Cole Koepke 0 0 0 0 10 6 2 1 0 0 1/1 12:06 0:00 0:18
Curtis Lazar 0 0 0 0 0 5 3 3 2 0 11/26 23:09 3:19 1:25
Jeremie Poirier 0 0 0 1 5 0 0 0 0 2 0/0 21:44 3:03 1:11
Jordan Oesterle 0 0 0 0 0 1 2 6 1 0 0/0 27:25 2:54 1:23
Kieffer Bellows 0 0 0 1 5 1 0 0 0 0 0/0 19:01 2:38 1:06
Mathieu Olivier 0 1 1 1 0 2 3 0 0 2 0/0 16:53 2:38 0:00
Nicolas Deslauriers 0 0 0 0 7 3 4 1 1 1 1/1 15:49 0:10 0:00
Patrick Brown 1 0 1 1 0 2 2 3 1 0 2/15 16:57 2:38 0:00
Peter Abbandonato 0 0 0 0 0 0 0 0 0 0 2/2 9:56 0:00 0:00
Samuel Bolduc 0 0 0 0 0 2 0 1 0 0 0/0 27:25 2:54 1:23
Tanner Laczynski 0 0 0 0 0 1 2 0 0 1 7/11 14:37 0:00 0:42
Trevor Lewis 0 0 0 0 2 3 2 1 3 2 0/1 21:35 3:19 0:56
Ty Smith 0 0 0 1 0 2 2 0 0 0 0/0 24:50 3:03 1:11
Vinnie Hinostroza 0 0 0 0 0 4 1 0 1 0 0/0 18:00 3:09 0:00
William Villeneuve 0 0 0 0 5 2 0 1 0 0 0/0 12:50 0:00 0:00
Zachary L'Heureux 0 0 0 0 5 0 2 0 0 0 0/0 9:01 0:00 0:00
Players Stats for Rock Island Raccoons
Player Name G A P +/- PIM S H SB GA TA FO MP PP MP PK MP
------------------------------------------------------------------------------------
0 0 0 0 0 0 0 0 0 0 0/0 0:00 0:00 0:00
AJ Greer 0 0 0 0 10 0 2 0 1 0 4/6 14:49 0:00 1:34
Craig Smith 0 0 0 -1 0 6 1 0 0 0 3/3 22:39 1:11 2:21
Darren Helm 0 0 0 0 0 0 0 0 1 0 0/0 14:12 0:00 0:00
Donovan Sebrango 0 0 0 0 0 1 0 0 0 0 0/0 17:06 0:00 1:44
Eric Robinson 0 0 0 0 5 0 0 1 1 1 0/0 15:09 0:00 0:00
Erik Gustafsson 0 1 1 -1 2 2 0 1 2 1 0/0 27:01 1:40 1:59
Filip Chytil 0 0 0 0 17 0 1 0 0 1 1/6 9:02 0:20 0:40
Jan Mysak 0 0 0 0 0 1 3 0 0 0 1/3 8:04 0:00 0:00
Jujhar Khaira 0 0 0 -1 10 2 1 2 0 0 11/18 16:08 0:51 2:05
Justin Schultz 0 0 0 0 5 5 2 0 0 1 0/0 21:31 0:54 3:06
Karl Henriksson 0 0 0 0 5 0 0 0 0 0 3/4 5:00 0:00 0:00
Kyle Burroughs 0 0 0 -1 2 0 2 3 0 1 0/0 26:44 1:40 1:39
Marco Scandella 0 0 0 0 0 3 1 0 1 0 0/0 23:28 0:54 3:26
Michael Pezzetta 0 0 0 0 0 1 1 0 0 0 1/1 17:52 1:23 0:00
Phillip Di Giuseppe 0 1 1 0 0 1 1 0 1 2 0/0 18:01 1:23 0:00
Pontus Holmberg 0 0 0 0 0 1 2 0 0 0 3/5 14:11 0:00 0:00
Ryan Carpenter 1 0 1 0 0 2 2 1 1 2 7/11 22:45 1:23 2:49
Tyler Motte 0 0 0 -1 0 3 1 0 1 0 0/1 20:08 1:11 2:35
3 Stars
1 - Alex Lyon (RIR)
2 - Philipp Grubauer (RSA)
3 - Patrick Brown (RSA)
Power Play
Reno Silver Aces - 0 on 3 Attempt(s) - 0.00%
Rock Island Raccoons - 1 on 2 Attempt(s) - 50.00%
Penalty Kill
Reno Silver Aces - 1 on 2 Attempt(s) - 50.00%
- Score 0 goal in Penalty Kill
Rock Island Raccoons - 3 on 3 Attempt(s) - 100.00%
- Score 0 goal in Penalty Kill
Team Stat
Reno Silver Aces - Hits : 25 - Faceoff Wins : 24 - Blocked Shots : 18 - Penalty Minutes : 44
Rock Island Raccoons - Hits : 20 - Faceoff Wins : 34 - Blocked Shots : 8 - Penalty Minutes : 56
Official
Referees : Peter Macdougall and Furman South
Linesman : CJ Murray and James Tobias
Game Notes
Karl Henriksson and Kieffer Bellows fight to a draw at 1:08 of 1st period
Justin Schultz beats up William Villeneuve at 1:11 of 1st period
Brendan Lemieux beats up Jujhar Khaira at 17:29 of 1st period
Eric Robinson and Nicolas Deslauriers fight to a draw at 18:43 of 1st period
Filip Chytil beats up Cole Koepke at 1:05 of 2nd period
AJ Greer and Zachary L'Heureux fight to a draw at 7:58 of 2nd period
Cole Koepke beats up Jujhar Khaira at 9:16 of 2nd period
AJ Greer and Jeremie Poirier fight to a draw at 17:50 of 2nd period
Reno Silver Aces
5 vs 5 Forward
Center Left Wing Right Wing Time % Phy DF OF
1 Curtis Lazar Vinnie Hinostroza Trevor Lewis 30 1 2 2
2 Patrick Brown Kieffer Bellows Mathieu Olivier 30 1 2 2
3 Tanner Laczynski Brendan Lemieux Nicolas Deslauriers 25 1 2 2
4 Peter Abbandonato Zachary L'Heureux Cole Koepke 15 1 2 2
5 vs 5 Defense
Defense Defense Time % Phy DF OF
1 Jordan Oesterle Samuel Bolduc 30 1 2 2
2 Ty Smith Jeremie Poirier 30 1 2 2
3 William Villeneuve Casey Fitzgerald 25 1 2 2
4 Jordan Oesterle Samuel Bolduc 15 1 2 2
PowerPlay Forward
Center Left Wing Right Wing Time % Phy DF OF
1 Curtis Lazar Vinnie Hinostroza Trevor Lewis 50 1 2 2
2 Patrick Brown Kieffer Bellows Mathieu Olivier 50 1 2 2
PowerPlay Defense
Defense Defense Time % Phy DF OF
1 Jordan Oesterle Samuel Bolduc 50 1 2 2
2 Ty Smith Jeremie Poirier 50 1 2 2
Penalty Kill 4 Players Forward
Center Wing Time % Phy DF OF
1 Curtis Lazar Trevor Lewis 50 1 2 2
2 Brendan Lemieux Kieffer Bellows 50 1 2 2
Penalty Kill 4 Players Defense
Defense Defense Time % Phy DF OF
1 Jordan Oesterle Samuel Bolduc 50 1 2 2
2 Ty Smith Jeremie Poirier 50 1 2 2
Penalty Kill - 3 Players Forward
Forward Time % Phy DF OF
1 Curtis Lazar 50 1 2 2
2 Trevor Lewis 50 1 2 2
Penalty Kill - 3 Players Defense
Defense Defense Time % Phy DF OF
1 Jordan Oesterle Samuel Bolduc 50 1 2 2
2 Ty Smith Jeremie Poirier 50 1 2 2
4 vs 4 Forward
Center Wing Time % Phy DF OF
1 Curtis Lazar Trevor Lewis 50 1 2 2
2 Brendan Lemieux Kieffer Bellows 50 1 2 2
4 vs 4 Defense
Defense Defense Time % Phy DF OF
1 Jordan Oesterle Samuel Bolduc 50 1 2 2
2 Ty Smith Jeremie Poirier 50 1 2 2
Last Minutes Offensive
Center Left Wing Right Wing Defense Defense
Curtis Lazar Vinnie Hinostroza Trevor Lewis Jordan Oesterle Samuel Bolduc
Last Minutes Defensive
Center Left Wing Right Wing Defense Defense
Curtis Lazar Vinnie Hinostroza Trevor Lewis Jordan Oesterle Samuel Bolduc
Goaltenders
Starting : Philipp Grubauer
Backup : Mackenzie Blackwood
Extra Forwards
Normal : Nicolas Deslauriers, Cole Koepke, Tanner Laczynski - PP : Nicolas Deslauriers, Cole Koepke - PK : Tanner Laczynski
Extra Defensemen
Normal : William Villeneuve, Casey Fitzgerald, Ty Smith - PP : William Villeneuve - PK : Casey Fitzgerald, Ty Smith
Penalty Shots
Curtis Lazar, Trevor Lewis, Vinnie Hinostroza, Kieffer Bellows, Mathieu Olivier
Scratches
William Dufour (Healthy), Marshall Rifai (Healthy), Jacob Melanson (Healthy), Frederic Brunet (Healthy), Christian Kyrou (Healthy)
Nathan Gaucher (Healthy), Blade Jenkins (Healthy), Wyatte Wylie (Healthy), Jiri Patera (Healthy)
Rock Island Raccoons
5 vs 5 Forward
Center Left Wing Right Wing Time % Phy DF OF
1 Jujhar Khaira Tyler Motte Craig Smith 30 1 2 2
2 Ryan Carpenter Phillip Di Giuseppe Michael Pezzetta 30 1 2 2
3 Pontus Holmberg AJ Greer Darren Helm 25 1 2 2
4 Karl Henriksson Eric Robinson Craig Smith 15 1 2 2
5 vs 5 Defense
Defense Defense Time % Phy DF OF
1 Kyle Burroughs Erik Gustafsson 30 1 2 2
2 Justin Schultz Marco Scandella 30 1 2 2
3 Donovan Sebrango Eric Robinson 25 1 2 2
4 Kyle Burroughs Erik Gustafsson 15 1 2 2
PowerPlay Forward
Center Left Wing Right Wing Time % Phy DF OF
1 Jujhar Khaira Tyler Motte Craig Smith 50 1 2 2
2 Ryan Carpenter Phillip Di Giuseppe Michael Pezzetta 50 1 2 2
PowerPlay Defense
Defense Defense Time % Phy DF OF
1 Kyle Burroughs Erik Gustafsson 50 1 2 2
2 Justin Schultz Marco Scandella 50 1 2 2
Penalty Kill 4 Players Forward
Center Wing Time % Phy DF OF
1 Craig Smith Tyler Motte 50 1 2 2
2 Jujhar Khaira Ryan Carpenter 50 1 2 2
Penalty Kill 4 Players Defense
Defense Defense Time % Phy DF OF
1 Kyle Burroughs Erik Gustafsson 50 1 2 2
2 Justin Schultz Marco Scandella 50 1 2 2
Penalty Kill - 3 Players Forward
Forward Time % Phy DF OF
1 Craig Smith 50 1 2 2
2 Tyler Motte 50 1 2 2
Penalty Kill - 3 Players Defense
Defense Defense Time % Phy DF OF
1 Kyle Burroughs Erik Gustafsson 50 1 2 2
2 Justin Schultz Marco Scandella 50 1 2 2
4 vs 4 Forward
Center Wing Time % Phy DF OF
1 Craig Smith Tyler Motte 50 1 2 2
2 Jujhar Khaira Ryan Carpenter 50 1 2 2
4 vs 4 Defense
Defense Defense Time % Phy DF OF
1 Kyle Burroughs Erik Gustafsson 50 1 2 2
2 Justin Schultz Marco Scandella 50 1 2 2
Last Minutes Offensive
Center Left Wing Right Wing Defense Defense
Jujhar Khaira Tyler Motte Craig Smith Kyle Burroughs Erik Gustafsson
Last Minutes Defensive
Center Left Wing Right Wing Defense Defense
Jujhar Khaira Tyler Motte Craig Smith Kyle Burroughs Erik Gustafsson
Goaltenders
Starting : Alex Lyon
Backup : Ilya Samsonov
Extra Forwards
Normal : Filip Chytil, Jan Mysak, AJ Greer - PP : Filip Chytil, Jan Mysak - PK : AJ Greer
Extra Defensemen
Normal : Donovan Sebrango, Justin Schultz, Marco Scandella - PP : Donovan Sebrango - PK : Justin Schultz, Marco Scandella
Penalty Shots
Craig Smith, Tyler Motte, Jujhar Khaira, Ryan Carpenter, Michael Pezzetta
Scratches
Ronan Seeley (Healthy), Logan Stanley (Healthy), Brandon Coe (Healthy)
% Time on Ice - Reno Silver Aces
Lines # - Real PCT - Wanted PCT - Time Play
Normal Forward
1 - 30% - 30% - 15:35
2 - 29% - 30% - 14:57
3 - 22% - 25% - 11:16
4 - 19% - 15% - 9:41
Normal Defense
1 - 27% - 30% - 13:57
2 - 34% - 30% - 17:44
3 - 26% - 25% - 13:17
4 - 13% - 15% - 6:31
PP Forward
1 - 56% - 50% - 3:19
2 - 44% - 50% - 2:38
PP Defense
1 - 49% - 50% - 2:54
2 - 51% - 50% - 3:03
PK Forward
1 - 49% - 50% - 1:15
2 - 51% - 50% - 1:19
PK Defense
1 - 54% - 50% - 1:23
2 - 46% - 50% - 1:11
PK3 Forward
1 - 0% - 50%
2 - 0% - 50%
PK3 Defense
1 - 0% - 50%
2 - 0% - 50%
44 Forward
1 - 51% - 50% - 2:32
2 - 49% - 50% - 2:28
44 Defense
1 - 53% - 50% - 2:40
2 - 47% - 50% - 2:20
Last Minute Offensive - 0:00
Last Minute Defensive - 0:00
Total
Forward - 65:00
Defense - 65:00
|
% Time on Ice - Rock Island Raccoons
Lines # - Real PCT - Wanted PCT - Time Play
Normal Forward
1 - 29% - 30% - 15:03
2 - 35% - 30% - 17:48
3 - 26% - 25% - 13:18
4 - 10% - 15% - 5:20
Normal Defense
1 - 29% - 30% - 15:09
2 - 35% - 30% - 18:13
3 - 25% - 25% - 12:48
4 - 10% - 15% - 5:19
PP Forward
1 - 46% - 50% - 1:11
2 - 54% - 50% - 1:23
PP Defense
1 - 65% - 50% - 1:40
2 - 35% - 50% - 0:54
PK Forward
1 - 53% - 50% - 3:08
2 - 47% - 50% - 2:49
PK Defense
1 - 58% - 50% - 3:27
2 - 42% - 50% - 2:30
PK3 Forward
1 - 0% - 50%
2 - 0% - 50%
PK3 Defense
1 - 0% - 50%
2 - 0% - 50%
44 Forward
1 - 41% - 50% - 2:04
2 - 59% - 50% - 2:56
44 Defense
1 - 53% - 50% - 2:40
2 - 47% - 50% - 2:20
Last Minute Offensive - 0:00
Last Minute Defensive - 0:00
Total
Forward - 65:00
Defense - 65:00
|
Play-by-Play
1st period
0:01 of 1st period - Jujhar Khaira wins face-off versus Curtis Lazar in neutral zone.
0:35 of 1st period - Wrist shot by Kieffer Bellows.
0:35 of 1st period - Shot Misses the Net.
1:07 of 1st period - Off-side.
1:08 of 1st period - Karl Henriksson wins face-off versus Patrick Brown in neutral zone.
1:08 of 1st period - Karl Henriksson and Kieffer Bellows fight to a draw.
1:08 of 1st period - Penalty to Karl Henriksson for Fighting.
1:08 of 1st period - Penalty to Kieffer Bellows for Fighting.
1:09 of 1st period - Michael Pezzetta wins face-off versus Curtis Lazar in neutral zone.
1:11 of 1st period - Justin Schultz beats up William Villeneuve.
1:11 of 1st period - Penalty to Justin Schultz for Fighting.
1:11 of 1st period - Penalty to William Villeneuve for Fighting.
1:12 of 1st period - Patrick Brown wins face-off versus Filip Chytil in neutral zone.
2:00 of 1st period - Jordan Oesterle is hit by Craig Smith and loses puck.
2:07 of 1st period - Snap shot by Jujhar Khaira.
2:07 of 1st period - Stopped by Philipp Grubauer with a rebound.
2:19 of 1st period - Pontus Holmberg is hit by Nicolas Deslauriers and loses puck.
2:55 of 1st period - Patrick Brown is hit by Pontus Holmberg and loses puck.
3:12 of 1st period - Ty Smith is hit by AJ Greer and loses puck.
3:19 of 1st period - Snap shot by Pontus Holmberg.
3:19 of 1st period - Deflect By AJ Greer.
3:19 of 1st period - Shot Misses the Net.
3:19 of 1st period - Puck is out of play.
3:20 of 1st period - Jujhar Khaira wins face-off versus Curtis Lazar in Reno Silver Aces zone.
3:23 of 1st period - Wrist shot by Craig Smith.
3:23 of 1st period - Stopped by Philipp Grubauer without a rebound.
3:24 of 1st period - Jujhar Khaira wins face-off versus Curtis Lazar in Reno Silver Aces zone.
4:31 of 1st period - Ryan Carpenter is hit by Ty Smith.
5:02 of 1st period - Jeremie Poirier is hit by Phillip Di Giuseppe and loses puck.
5:25 of 1st period - Curtis Lazar is hit by Kyle Burroughs and loses puck.
6:27 of 1st period - Snap shot by Michael Pezzetta.
6:27 of 1st period - Shot Blocked by Curtis Lazar.
6:41 of 1st period - Snap shot by Curtis Lazar.
6:41 of 1st period - Stopped by Alex Lyon without a rebound.
6:42 of 1st period - Jujhar Khaira wins face-off versus Tanner Laczynski in Rock Island Raccoons zone.
8:06 of 1st period - Donovan Sebrango is hit by Cole Koepke and loses puck.
8:13 of 1st period - Jujhar Khaira is hit by Jordan Oesterle.
8:43 of 1st period - Justin Schultz is hit by Tanner Laczynski and loses puck.
8:54 of 1st period - Snap shot by Justin Schultz.
8:54 of 1st period - Shot Blocked by Patrick Brown.
11:37 of 1st period - Icing by Tanner Laczynski.
11:38 of 1st period - Tanner Laczynski wins face-off versus Filip Chytil in Reno Silver Aces zone.
14:02 of 1st period - Wrist shot by Patrick Brown.
14:02 of 1st period - Shot Blocked by Ryan Carpenter.
14:47 of 1st period - Darren Helm is hit by Tanner Laczynski and loses puck.
14:54 of 1st period - Minor Penalty to Kyle Burroughs for Tripping.
14:55 of 1st period - Curtis Lazar wins face-off versus Jujhar Khaira in Rock Island Raccoons zone.
16:53 of 1st period - Icing by Nicolas Deslauriers.
16:54 of 1st period - Penalty to Kyle Burroughs is over, Kyle Burroughs is back on ice.
16:54 of 1st period - Curtis Lazar wins face-off versus Pontus Holmberg in Reno Silver Aces zone.
17:24 of 1st period - Wrist shot by Cole Koepke.
17:24 of 1st period - Stopped by Alex Lyon with a rebound.
17:26 of 1st period - Snap shot by Zachary L'Heureux.
17:26 of 1st period - Shot Misses the Net.
17:28 of 1st period - Wrist shot by Cole Koepke.
17:28 of 1st period - Stopped by Alex Lyon without a rebound.
17:29 of 1st period - Tanner Laczynski wins face-off versus Jujhar Khaira in Rock Island Raccoons zone.
17:29 of 1st period - Brendan Lemieux beats up Jujhar Khaira.
17:29 of 1st period - Penalty to Jujhar Khaira for Fighting.
17:29 of 1st period - Penalty to Brendan Lemieux for Fighting.
17:30 of 1st period - Tanner Laczynski wins face-off versus Filip Chytil in Rock Island Raccoons zone.
18:02 of 1st period - Wrist shot by Patrick Brown.
18:02 of 1st period - Shot Misses the Net.
18:24 of 1st period - Wrist shot by Curtis Lazar.
18:24 of 1st period - Stopped by Alex Lyon with a rebound.
18:36 of 1st period - Snap shot by Justin Schultz.
18:36 of 1st period - Stopped by Philipp Grubauer with a rebound.
18:38 of 1st period - Slapshot by Justin Schultz.
18:38 of 1st period - Shot Misses the Net.
18:40 of 1st period - Wrist shot by Eric Robinson.
18:40 of 1st period - Deflect By Craig Smith.
18:40 of 1st period - Shot Blocked by Cole Koepke.
18:40 of 1st period - Puck is out of play.
18:41 of 1st period - Tanner Laczynski wins face-off versus Karl Henriksson in Reno Silver Aces zone.
18:43 of 1st period - Eric Robinson and Nicolas Deslauriers fight to a draw.
18:43 of 1st period - Penalty to Eric Robinson for Fighting.
18:43 of 1st period - Penalty to Nicolas Deslauriers for Fighting.
18:44 of 1st period - Filip Chytil wins face-off versus Curtis Lazar in Reno Silver Aces zone.
19:09 of 1st period - Erik Gustafsson is hit by Patrick Brown and loses puck.
19:16 of 1st period - Wrist shot by Justin Schultz.
19:16 of 1st period - Shot Blocked by Patrick Brown.
19:32 of 1st period - Wrist shot by Tyler Motte.
19:32 of 1st period - Stopped by Philipp Grubauer without a rebound.
19:33 of 1st period - Curtis Lazar wins face-off versus Ryan Carpenter in Reno Silver Aces zone.
19:38 of 1st period - Wrist shot by Trevor Lewis.
19:38 of 1st period - Stopped by Alex Lyon without a rebound.
19:39 of 1st period - Ryan Carpenter wins face-off versus Curtis Lazar in Rock Island Raccoons zone.
19:39 of 1st period - Ryan Carpenter is hit by Curtis Lazar.
19:45 of 1st period - Slapshot by Marco Scandella.
19:45 of 1st period - Stopped by Philipp Grubauer without a rebound.
19:46 of 1st period - Ryan Carpenter wins face-off versus Curtis Lazar in Reno Silver Aces zone.
19:47 of 1st period - Snap shot by Michael Pezzetta.
19:47 of 1st period - Stopped by Philipp Grubauer with a rebound.
19:57 of 1st period - Cole Koepke is hit by Michael Pezzetta and loses puck.
Goals for this period are 0 for Reno Silver Aces vs 0 for Rock Island Raccoons.
Shots for this period are 5 for Reno Silver Aces vs 6 for Rock Island Raccoons.
2nd period
0:01 of 2nd period - Curtis Lazar wins face-off versus Ryan Carpenter in neutral zone.
0:08 of 2nd period - Snap shot by Vinnie Hinostroza.
0:08 of 2nd period - Stopped by Alex Lyon with a rebound.
0:17 of 2nd period - Minor Penalty to Trevor Lewis for Interference.
0:18 of 2nd period - Curtis Lazar wins face-off versus Filip Chytil in Reno Silver Aces zone.
0:34 of 2nd period - Backhand shot by Craig Smith.
0:34 of 2nd period - Shot Blocked by Jordan Oesterle.
0:52 of 2nd period - Snap shot by Ryan Carpenter.
0:52 of 2nd period - Goal by Ryan Carpenter - Reno Silver Aces : 0 - Rock Island Raccoons : 1.
0:53 of 2nd period - Tanner Laczynski wins face-off versus Filip Chytil in neutral zone.
1:05 of 2nd period - Filip Chytil beats up Cole Koepke.
1:05 of 2nd period - Penalty to Filip Chytil for Fighting.
1:05 of 2nd period - Penalty to Cole Koepke for Fighting.
1:05 of 2nd period - Penalty to Filip Chytil for instigated a fight.
1:05 of 2nd period - Penalty to Filip Chytil for instigated a fight.
1:06 of 2nd period - AJ Greer wins face-off versus Patrick Brown in Rock Island Raccoons zone.
1:16 of 2nd period - Icing by Jeremie Poirier.
1:17 of 2nd period - Craig Smith wins face-off versus Patrick Brown in Reno Silver Aces zone.
1:24 of 2nd period - Tyler Motte is hit by Mathieu Olivier and loses puck.
1:31 of 2nd period - Wrist shot by Kieffer Bellows.
1:31 of 2nd period - Deflect By Mathieu Olivier.
1:31 of 2nd period - Shot Misses the Net.
1:31 of 2nd period - Puck is out of play.
1:32 of 2nd period - AJ Greer wins face-off versus Trevor Lewis in Rock Island Raccoons zone.
1:47 of 2nd period - Marco Scandella is hit by Curtis Lazar and loses puck.
1:58 of 2nd period - Jordan Oesterle is hit by Justin Schultz and loses puck.
2:05 of 2nd period - Slapshot by Craig Smith.
2:05 of 2nd period - Shot Blocked by Jordan Oesterle.
2:07 of 2nd period - Snap shot by Tyler Motte.
2:07 of 2nd period - Deflect By Craig Smith.
2:07 of 2nd period - Shot Blocked by Jordan Oesterle.
2:07 of 2nd period - Puck is out of play.
2:08 of 2nd period - AJ Greer wins face-off versus Curtis Lazar in Reno Silver Aces zone.
2:20 of 2nd period - Off-side.
2:21 of 2nd period - Patrick Brown wins face-off versus Tyler Motte in neutral zone.
2:29 of 2nd period - Penalty to Jujhar Khaira is over, Jujhar Khaira is back on ice.
3:05 of 2nd period - Penalty to Filip Chytil is over, AJ Greer is send on ice.
3:17 of 2nd period - Slapshot by Erik Gustafsson.
3:17 of 2nd period - Stopped by Philipp Grubauer with a rebound.
3:39 of 2nd period - Backhand shot by Justin Schultz.
3:39 of 2nd period - Shot Misses the Net.
3:41 of 2nd period - Snap shot by Craig Smith.
3:41 of 2nd period - Shot Blocked by Jordan Oesterle.
4:10 of 2nd period - Backhand shot by Patrick Brown.
4:10 of 2nd period - Shot Blocked by Jujhar Khaira.
4:26 of 2nd period - Vinnie Hinostroza is hit by Pontus Holmberg and loses puck.
4:33 of 2nd period - Snap shot by Pontus Holmberg.
4:33 of 2nd period - Stopped by Philipp Grubauer without a rebound.
4:34 of 2nd period - Ryan Carpenter wins face-off versus Patrick Brown in Reno Silver Aces zone.
4:41 of 2nd period - Snap shot by Michael Pezzetta.
4:41 of 2nd period - Shot Blocked by Patrick Brown.
4:47 of 2nd period - Michael Pezzetta is hit by Mathieu Olivier and loses puck.
5:18 of 2nd period - Minor Penalty to Nicolas Deslauriers for Interference.
5:19 of 2nd period - Curtis Lazar wins face-off versus Ryan Carpenter in Reno Silver Aces zone.
5:25 of 2nd period - Off-side.
5:26 of 2nd period - Curtis Lazar wins face-off versus Ryan Carpenter in neutral zone.
5:39 of 2nd period - Slapshot by Ryan Carpenter.
5:39 of 2nd period - Shot Blocked by Curtis Lazar.
5:41 of 2nd period - Slapshot by Michael Pezzetta.
5:41 of 2nd period - Shot Misses the Net.
5:57 of 2nd period - Slapshot by Tyler Motte.
5:57 of 2nd period - Stopped by Philipp Grubauer with a rebound.
5:59 of 2nd period - Snap shot by Craig Smith.
5:59 of 2nd period - Stopped by Philipp Grubauer with a rebound.
6:05 of 2nd period - Penalty to Cole Koepke is over, Cole Koepke is back on ice.
7:18 of 2nd period - Penalty to Nicolas Deslauriers is over, Nicolas Deslauriers is back on ice.
7:34 of 2nd period - Off-side.
7:35 of 2nd period - Cole Koepke wins face-off versus Pontus Holmberg in neutral zone.
7:40 of 2nd period - Slapshot by Cole Koepke.
7:40 of 2nd period - Stopped by Alex Lyon with a rebound.
7:42 of 2nd period - Slapshot by Peter Abbandonato.
7:42 of 2nd period - Shot Blocked by Eric Robinson.
7:44 of 2nd period - Snap shot by Cole Koepke.
7:44 of 2nd period - Stopped by Alex Lyon without a rebound.
7:45 of 2nd period - Peter Abbandonato wins face-off versus AJ Greer in Rock Island Raccoons zone.
7:54 of 2nd period - Eric Robinson is hit by Zachary L'Heureux and loses puck.
7:58 of 2nd period - AJ Greer and Zachary L'Heureux fight to a draw.
7:58 of 2nd period - Penalty to AJ Greer for Fighting.
7:58 of 2nd period - Penalty to Zachary L'Heureux for Fighting.
7:59 of 2nd period - Curtis Lazar wins face-off versus Jujhar Khaira in Rock Island Raccoons zone.
8:02 of 2nd period - Snap shot by Vinnie Hinostroza.
8:02 of 2nd period - Shot Blocked by Erik Gustafsson.
8:13 of 2nd period - Erik Gustafsson is hit by Vinnie Hinostroza and loses puck.
8:26 of 2nd period - Kieffer Bellows is hit by Kyle Burroughs and loses puck.
8:54 of 2nd period - Ryan Carpenter is hit by Nicolas Deslauriers and loses puck.
8:59 of 2nd period - Snap shot by Nicolas Deslauriers.
8:59 of 2nd period - Stopped by Alex Lyon with a rebound.
9:01 of 2nd period - Snap shot by William Villeneuve.
9:01 of 2nd period - Shot Misses the Net.
9:13 of 2nd period - Snap shot by Cole Koepke.
9:13 of 2nd period - Stopped by Alex Lyon without a rebound.
9:14 of 2nd period - Peter Abbandonato wins face-off versus Jujhar Khaira in Rock Island Raccoons zone.
9:16 of 2nd period - Cole Koepke beats up Jujhar Khaira.
9:16 of 2nd period - Penalty to Jujhar Khaira for Fighting.
9:16 of 2nd period - Penalty to Cole Koepke for Fighting.
9:17 of 2nd period - Jan Mysak wins face-off versus Curtis Lazar in Rock Island Raccoons zone.
9:28 of 2nd period - Snap shot by Craig Smith.
9:28 of 2nd period - Deflect By Jan Mysak.
9:28 of 2nd period - Stopped by Philipp Grubauer with a rebound.
9:30 of 2nd period - Wrist shot by Craig Smith.
9:30 of 2nd period - Stopped by Philipp Grubauer with a rebound.
9:32 of 2nd period - Slapshot by Tyler Motte.
9:32 of 2nd period - Stopped by Philipp Grubauer with a rebound.
9:51 of 2nd period - Slapshot by Justin Schultz.
9:51 of 2nd period - Stopped by Philipp Grubauer with a rebound.
11:41 of 2nd period - Snap shot by Trevor Lewis.
11:41 of 2nd period - Stopped by Alex Lyon without a rebound.
11:42 of 2nd period - Karl Henriksson wins face-off versus Patrick Brown in Rock Island Raccoons zone.
12:55 of 2nd period - Snap shot by Ty Smith.
12:55 of 2nd period - Deflect By Erik Gustafsson.
12:55 of 2nd period - Stopped by Alex Lyon without a rebound.
12:56 of 2nd period - Pontus Holmberg wins face-off versus Patrick Brown in Rock Island Raccoons zone.
13:05 of 2nd period - Snap shot by Patrick Brown.
13:05 of 2nd period - Shot Misses the Net.
13:16 of 2nd period - Off-side.
13:17 of 2nd period - Tanner Laczynski wins face-off versus AJ Greer in neutral zone.
13:22 of 2nd period - Slapshot by Nicolas Deslauriers.
13:22 of 2nd period - Stopped by Alex Lyon with a rebound.
13:24 of 2nd period - Slapshot by William Villeneuve.
13:24 of 2nd period - Stopped by Alex Lyon with a rebound.
13:26 of 2nd period - Snap shot by Tanner Laczynski.
13:26 of 2nd period - Shot Misses the Net.
13:28 of 2nd period - Snap shot by Tanner Laczynski.
13:28 of 2nd period - Shot Misses the Net.
13:30 of 2nd period - Wrist shot by Tanner Laczynski.
13:30 of 2nd period - Stopped by Alex Lyon with a rebound.
13:42 of 2nd period - Curtis Lazar is hit by Ryan Carpenter.
14:08 of 2nd period - Snap shot by Patrick Brown.
14:08 of 2nd period - Stopped by Alex Lyon without a rebound.
14:09 of 2nd period - AJ Greer wins face-off versus Patrick Brown in Rock Island Raccoons zone.
14:58 of 2nd period - Snap shot by Ryan Carpenter.
14:58 of 2nd period - Shot Misses the Net.
15:16 of 2nd period - Wrist shot by Peter Abbandonato.
15:16 of 2nd period - Shot Blocked by Kyle Burroughs.
15:18 of 2nd period - Wrist shot by Cole Koepke.
15:18 of 2nd period - Shot Misses the Net.
15:37 of 2nd period - Snap shot by Jujhar Khaira.
15:37 of 2nd period - Stopped by Philipp Grubauer without a rebound.
15:38 of 2nd period - Ryan Carpenter wins face-off versus Curtis Lazar in Reno Silver Aces zone.
15:39 of 2nd period - Snap shot by Michael Pezzetta.
15:39 of 2nd period - Shot Blocked by Trevor Lewis.
15:41 of 2nd period - Slapshot by Justin Schultz.
15:41 of 2nd period - Shot Misses the Net.
15:43 of 2nd period - Snap shot by Marco Scandella.
15:43 of 2nd period - Stopped by Philipp Grubauer with a rebound.
15:45 of 2nd period - Slapshot by Marco Scandella.
15:45 of 2nd period - Shot Hit the Post.
15:47 of 2nd period - Snap shot by Marco Scandella.
15:47 of 2nd period - Stopped by Philipp Grubauer without a rebound.
15:48 of 2nd period - Ryan Carpenter wins face-off versus Curtis Lazar in Reno Silver Aces zone.
16:05 of 2nd period - 10 Minutes Misconduct Penalty to Filip Chytil is over.
16:33 of 2nd period - Ryan Carpenter is hit by Jordan Oesterle and loses puck.
16:44 of 2nd period - Snap shot by Vinnie Hinostroza.
16:44 of 2nd period - Stopped by Alex Lyon with a rebound.
16:56 of 2nd period - Slapshot by Vinnie Hinostroza.
16:56 of 2nd period - Stopped by Alex Lyon with a rebound.
17:23 of 2nd period - Slapshot by Vinnie Hinostroza.
17:23 of 2nd period - Stopped by Alex Lyon without a rebound.
17:24 of 2nd period - Jujhar Khaira wins face-off versus Patrick Brown in Rock Island Raccoons zone.
17:31 of 2nd period - Snap shot by Mathieu Olivier.
17:31 of 2nd period - Stopped by Alex Lyon with a rebound.
17:33 of 2nd period - Snap shot by Patrick Brown.
17:33 of 2nd period - Goal by Patrick Brown - Reno Silver Aces : 1 - Rock Island Raccoons : 1.
17:34 of 2nd period - Jujhar Khaira wins face-off versus Patrick Brown in neutral zone.
17:49 of 2nd period - Icing by Mathieu Olivier.
17:50 of 2nd period - Pontus Holmberg wins face-off versus Patrick Brown in Reno Silver Aces zone.
17:50 of 2nd period - AJ Greer and Jeremie Poirier fight to a draw.
17:50 of 2nd period - Penalty to AJ Greer for Fighting.
17:50 of 2nd period - Penalty to Jeremie Poirier for Fighting.
17:51 of 2nd period - Tanner Laczynski wins face-off versus Jujhar Khaira in Reno Silver Aces zone.
17:51 of 2nd period - Tanner Laczynski is hit by Jujhar Khaira.
17:59 of 2nd period - Slapshot by Erik Gustafsson.
17:59 of 2nd period - Shot Blocked by Samuel Bolduc.
18:01 of 2nd period - Snap shot by Craig Smith.
18:01 of 2nd period - Stopped by Philipp Grubauer with a rebound.
18:03 of 2nd period - Slapshot by Craig Smith.
18:03 of 2nd period - Shot Blocked by Jordan Oesterle.
18:17 of 2nd period - Erik Gustafsson is hit by Mathieu Olivier and loses puck.
18:26 of 2nd period - Slapshot by Mathieu Olivier.
18:26 of 2nd period - Shot Misses the Net.
18:28 of 2nd period - Snap shot by William Villeneuve.
18:28 of 2nd period - Stopped by Alex Lyon without a rebound.
18:29 of 2nd period - Jujhar Khaira wins face-off versus Curtis Lazar in Rock Island Raccoons zone.
18:40 of 2nd period - Snap shot by Curtis Lazar.
18:40 of 2nd period - Stopped by Alex Lyon with a rebound.
18:42 of 2nd period - Snap shot by Curtis Lazar.
18:42 of 2nd period - Stopped by Alex Lyon with a rebound.
Goals for this period are 1 for Reno Silver Aces vs 1 for Rock Island Raccoons.
Shots for this period are 19 for Reno Silver Aces vs 13 for Rock Island Raccoons.
3rd period
0:01 of 3rd period - Jujhar Khaira wins face-off versus Patrick Brown in neutral zone.
0:08 of 3rd period - Slapshot by Samuel Bolduc.
0:08 of 3rd period - Stopped by Alex Lyon with a rebound.
0:10 of 3rd period - Wrist shot by Kieffer Bellows.
0:10 of 3rd period - Stopped by Alex Lyon with a rebound.
0:12 of 3rd period - Snap shot by Kieffer Bellows.
0:12 of 3rd period - Shot Blocked by Kyle Burroughs.
0:25 of 3rd period - Icing by Tyler Motte.
0:26 of 3rd period - Jujhar Khaira wins face-off versus Tanner Laczynski in Rock Island Raccoons zone.
1:07 of 3rd period - Snap shot by Brendan Lemieux.
1:07 of 3rd period - Stopped by Alex Lyon with a rebound.
1:09 of 3rd period - Snap shot by Casey Fitzgerald.
1:09 of 3rd period - Stopped by Alex Lyon with a rebound.
1:11 of 3rd period - Slapshot by Nicolas Deslauriers.
1:11 of 3rd period - Deflect By Brendan Lemieux.
1:11 of 3rd period - Shot Misses the Net.
1:11 of 3rd period - Puck is out of play.
1:12 of 3rd period - Ryan Carpenter wins face-off versus Patrick Brown in Rock Island Raccoons zone.
1:17 of 3rd period - Slapshot by Erik Gustafsson.
1:17 of 3rd period - Stopped by Philipp Grubauer with a rebound.
1:57 of 3rd period - Darren Helm is hit by Zachary L'Heureux and loses puck.
2:50 of 3rd period - Pontus Holmberg is hit by Nicolas Deslauriers and loses puck.
3:09 of 3rd period - Backhand shot by Ty Smith.
3:09 of 3rd period - Stopped by Alex Lyon with a rebound.
3:11 of 3rd period - Wrist shot by Peter Abbandonato.
3:11 of 3rd period - Shot Misses the Net.
3:21 of 3rd period - Patrick Brown is hit by Tyler Motte and loses puck.
3:28 of 3rd period - Snap shot by Jujhar Khaira.
3:28 of 3rd period - Shot Blocked by Casey Fitzgerald.
6:27 of 3rd period - Icing by William Villeneuve.
6:28 of 3rd period - Curtis Lazar wins face-off versus Jujhar Khaira in Reno Silver Aces zone.
6:57 of 3rd period - Minor Penalty to Erik Gustafsson for Delaying the game.
6:58 of 3rd period - Curtis Lazar wins face-off versus Jujhar Khaira in Rock Island Raccoons zone.
7:09 of 3rd period - Marco Scandella is hit by Curtis Lazar and loses puck.
7:43 of 3rd period - Wrist shot by Ryan Carpenter.
7:43 of 3rd period - Shot Misses the Net.
7:57 of 3rd period - Donovan Sebrango is hit by Ty Smith and loses puck.
8:44 of 3rd period - Curtis Lazar is hit by Justin Schultz and loses puck.
8:57 of 3rd period - Penalty to Erik Gustafsson is over, Erik Gustafsson is back on ice.
8:57 of 3rd period - Justin Schultz is hit by Trevor Lewis and loses puck.
9:06 of 3rd period - Trevor Lewis is hit by AJ Greer.
9:10 of 3rd period - Trevor Lewis is hit by Filip Chytil and loses puck.
9:21 of 3rd period - Wrist shot by Erik Gustafsson.
9:21 of 3rd period - Deflect By AJ Greer.
9:21 of 3rd period - Shot Blocked by Curtis Lazar.
9:21 of 3rd period - Puck is out of play.
9:22 of 3rd period - Karl Henriksson wins face-off versus Tanner Laczynski in Reno Silver Aces zone.
9:31 of 3rd period - Snap shot by Craig Smith.
9:31 of 3rd period - Stopped by Philipp Grubauer with a rebound.
9:33 of 3rd period - Slapshot by Craig Smith.
9:33 of 3rd period - Stopped by Philipp Grubauer without a rebound.
9:34 of 3rd period - Ryan Carpenter wins face-off versus Tanner Laczynski in Reno Silver Aces zone.
9:43 of 3rd period - Slapshot by Ryan Carpenter.
9:43 of 3rd period - Stopped by Philipp Grubauer with a rebound.
9:47 of 3rd period - Slapshot by Phillip Di Giuseppe.
9:47 of 3rd period - Shot Blocked by Nicolas Deslauriers.
9:49 of 3rd period - Slapshot by Erik Gustafsson.
9:49 of 3rd period - Shot Blocked by Jordan Oesterle.
10:27 of 3rd period - Slapshot by Justin Schultz.
10:27 of 3rd period - Deflect By Jordan Oesterle.
10:27 of 3rd period - Stopped by Philipp Grubauer with a rebound.
10:41 of 3rd period - Snap shot by Brendan Lemieux.
10:41 of 3rd period - Shot Misses the Net.
11:01 of 3rd period - Wrist shot by Phillip Di Giuseppe.
11:01 of 3rd period - Stopped by Philipp Grubauer with a rebound.
11:03 of 3rd period - Wrist shot by AJ Greer.
11:03 of 3rd period - Shot Blocked by William Villeneuve.
11:05 of 3rd period - Slapshot by Justin Schultz.
11:05 of 3rd period - Stopped by Philipp Grubauer with a rebound.
11:37 of 3rd period - Michael Pezzetta is hit by Patrick Brown and loses puck.
11:49 of 3rd period - Icing by Darren Helm.
11:50 of 3rd period - Pontus Holmberg wins face-off versus Curtis Lazar in Rock Island Raccoons zone.
11:50 of 3rd period - Pontus Holmberg is hit by Trevor Lewis.
12:21 of 3rd period - Snap shot by Nicolas Deslauriers.
12:21 of 3rd period - Deflect By Tanner Laczynski.
12:21 of 3rd period - Shot Blocked by Kyle Burroughs.
12:21 of 3rd period - Puck is out of play.
12:22 of 3rd period - Jujhar Khaira wins face-off versus Patrick Brown in Rock Island Raccoons zone.
14:17 of 3rd period - Snap shot by Trevor Lewis.
14:17 of 3rd period - Stopped by Alex Lyon with a rebound.
14:43 of 3rd period - Slapshot by Nicolas Deslauriers.
14:43 of 3rd period - Stopped by Alex Lyon with a rebound.
15:15 of 3rd period - Snap shot by Mathieu Olivier.
15:15 of 3rd period - Stopped by Alex Lyon with a rebound.
15:57 of 3rd period - Slapshot by Samuel Bolduc.
15:57 of 3rd period - Shot Misses the Net.
16:17 of 3rd period - Snap shot by Jujhar Khaira.
16:17 of 3rd period - Shot Hit the Post.
16:19 of 3rd period - Slapshot by Donovan Sebrango.
16:19 of 3rd period - Stopped by Philipp Grubauer with a rebound.
17:03 of 3rd period - AJ Greer is hit by Nicolas Deslauriers and loses puck.
18:40 of 3rd period - Ty Smith is hit by Jan Mysak and loses puck.
Goals for this period are 0 for Reno Silver Aces vs 0 for Rock Island Raccoons.
Shots for this period are 8 for Reno Silver Aces vs 8 for Rock Island Raccoons.
Overtime #1
0:01 of 1st overtime period - Craig Smith wins face-off versus Curtis Lazar in neutral zone.
0:26 of 1st overtime period - Samuel Bolduc is hit by Ryan Carpenter and loses puck.
1:41 of 1st overtime period - Samuel Bolduc is hit by Jan Mysak and loses puck.
1:48 of 1st overtime period - Slapshot by Justin Schultz.
1:48 of 1st overtime period - Stopped by Philipp Grubauer without a rebound.
1:49 of 1st overtime period - Jujhar Khaira wins face-off versus Brendan Lemieux in Reno Silver Aces zone.
2:17 of 1st overtime period - Trevor Lewis is hit by Marco Scandella and loses puck.
2:42 of 1st overtime period - Wrist shot by Cole Koepke.
2:42 of 1st overtime period - Stopped by Alex Lyon with a rebound.
2:44 of 1st overtime period - Wrist shot by Cole Koepke.
2:44 of 1st overtime period - Shot Blocked by Jujhar Khaira.
2:46 of 1st overtime period - Slapshot by Jordan Oesterle.
2:46 of 1st overtime period - Stopped by Alex Lyon with a rebound.
2:48 of 1st overtime period - Snap shot by Cole Koepke.
2:48 of 1st overtime period - Deflect By Nicolas Deslauriers.
2:48 of 1st overtime period - Shot Misses the Net.
2:48 of 1st overtime period - Puck is out of play.
2:49 of 1st overtime period - Craig Smith wins face-off versus Curtis Lazar in Rock Island Raccoons zone.
4:04 of 1st overtime period - Icing by Samuel Bolduc.
4:05 of 1st overtime period - Nicolas Deslauriers wins face-off versus Jan Mysak in Reno Silver Aces zone.
4:12 of 1st overtime period - Jan Mysak is hit by Cole Koepke and loses puck.
4:21 of 1st overtime period - Jordan Oesterle is hit by Jan Mysak and loses puck.
4:36 of 1st overtime period - Icing by Marco Scandella.
4:37 of 1st overtime period - Curtis Lazar wins face-off versus Jan Mysak in Rock Island Raccoons zone.
4:38 of 1st overtime period - Slapshot by Trevor Lewis.
4:38 of 1st overtime period - Shot Misses the Net.
4:40 of 1st overtime period - Snap shot by Samuel Bolduc.
4:40 of 1st overtime period - Stopped by Alex Lyon with a rebound.
4:52 of 1st overtime period - Wrist shot by Curtis Lazar.
4:52 of 1st overtime period - Stopped by Alex Lyon with a rebound.
Goals for this period are 0 for Reno Silver Aces vs 0 for Rock Island Raccoons.
Shots for this period are 4 for Reno Silver Aces vs 1 for Rock Island Raccoons.
ShootOut
5:00 of 1st overtime period - Round #1.
5:00 of 1st overtime period - Reno Silver Aces, Curtis Lazar.
5:00 of 1st overtime period - Deke by Curtis Lazar.
5:00 of 1st overtime period - Shot Misses the Net.
5:00 of 1st overtime period - Rock Island Raccoons, Craig Smith.
5:00 of 1st overtime period - Deke by Craig Smith.
5:00 of 1st overtime period - Shot Misses the Net.
5:00 of 1st overtime period - Round #2.
5:00 of 1st overtime period - Reno Silver Aces, Trevor Lewis.
5:00 of 1st overtime period - Backhand shot by Trevor Lewis.
5:00 of 1st overtime period - Shot Misses the Net.
5:00 of 1st overtime period - Rock Island Raccoons, Tyler Motte.
5:00 of 1st overtime period - Backhand shot by Tyler Motte.
5:00 of 1st overtime period - Stopped by Philipp Grubauer.
5:00 of 1st overtime period - Round #3.
5:00 of 1st overtime period - Reno Silver Aces, Vinnie Hinostroza.
5:00 of 1st overtime period - Deke by Vinnie Hinostroza.
5:00 of 1st overtime period - Goal by Vinnie Hinostroza.
5:00 of 1st overtime period - Rock Island Raccoons, Jujhar Khaira.
5:00 of 1st overtime period - Backhand shot by Jujhar Khaira.
5:00 of 1st overtime period - Stopped by Philipp Grubauer.
Back to the Top